 Dungeon Crawl Stone Soup version 0.25-a0-766-g0ecfff5982 (webtiles) character file.

Game seed: 7112925740316688907, levelgen mode: classic

952 Amnesiac the Digger (level 7, -1/59 HPs)
             Began as a Troll Earth Elementalist on Apr 13, 2020.
             Was a Priest of Vehumet.
             Slain by a human zombie (7 damage)
             ... in an ossuary.
             The game lasted 00:07:18 (3046 turns).

Amnesiac the Digger (Troll Earth Elementalist)      Turns: 3046, Time: 00:07:19

Health: -1/59      AC:  6    Str: 17    XL:     7   Next: 90%
Magic:  11/11      EV: 10    Int: 13    God:    Vehumet [***...]
Gold:   177        SH:  0    Dex: 10    Spells: 4/12 levels left

rFire    . . .     SeeInvis +   q - +0 broad axe
rCold    . . .     Gourm    +   (no shield)
rNeg     . . .     Faith    .   c - +0 robe
rPois    .         Spirit   .   (helmet restricted)
rElec    .         Reflect  .   (no cloak)
rCorr    .         Harm     .   (gloves unavailable)
MR       .....                  (boots unavailable)
Stlth    +.........             (no amulet)
HPRegen  0.59/turn              g - ring of see invisible
MPRegen  0.12/turn              (no ring)

@: lethally poisoned (-1 -> -1)
A: large, unfitting armour, claws 3, fast metabolism 3, gourmand, regeneration
1, shaggy fur 1, tough skin 3
a: Renounce Religion


You were in an ossuary.
You worshipped Vehumet.
Vehumet was most pleased with you.
You were not hungry.

You visited 1 branch of the dungeon, and saw 4 of its levels.
You also visited: Ossuary.

You collected 177 gold pieces.

Inventory:

Hand Weapons
 q - a +0 broad axe (weapon)
Missiles
 b - 42 stones (quivered)
 k - 33 poisoned darts
Armour
 c - a +0 robe (worn)
Jewellery
 g - a ring of see invisible (left claw)
Wands
 m - a wand of flame (20)
Scrolls
 e - 3 scrolls of teleportation {!r}
 f - a scroll of noise {!r, unknown}
 j - 2 scrolls of remove curse {!r}
 t - a scroll of identify {!r}
Potions
 a - a potion of haste {!q}
 h - a potion of cancellation {!q}
 i - a potion of heal wounds {!q}
 l - a potion of might {!q, unknown}
 n - a potion of berserk rage {!q, unknown}
 o - a potion of invisibility {!q}
 p - a potion of curing {!q, unknown}
 r - a potion of ambrosia {!q}
 s - 2 potions of stabbing {!q, unknown}
Comestibles
 d - 11 rations


   Skills:
 - Level 1.5 Dodging
 - Level 1.0 Stealth
 + Level 3.4 Spellcasting
 - Level 0.6 Transmutations
 * Level 7.4 Earth Magic


You had 4 spell levels left.
You knew the following spells:

 Your Spells              Type           Power        Failure   Level  Hunger
a - Sandblast             Erth           ###...       1%          1    #......
b - Passwall              Tmut/Erth      ##......     6%          2    ##.....
d - Lee's Rapid Deconstr  Erth           ###.......   8%          5    ######.

Your spell library contained the following spells:

 Spells                   Type           Power        Failure   Level  Hunger
 Ignite Poison            Fire/Tmut/Pois #.......     16%         3    ###....
 Stone Arrow              Conj/Erth      ##....       4%          3    ###....
 Petrify                  Tmut/Erth      ##......     38%         4    #####..


Dungeon Overview and Level Annotations

Branches:
Dungeon (4/15)             Temple (0/1) D:4         Ossuary (1/1)

Altars:
Vehumet


Innate Abilities, Weirdness & Mutations

You are too large for most types of armour.
You have claws for hands.
Your metabolism is lightning-fast.
You like to eat raw meat.
Your natural rate of healing is unusually fast.
You are covered in fur. (AC +1)
You have extremely tough skin. (AC +3)


Message History

You closely miss the scorpion.
The scorpion is severely wounded.
You hit the human zombie.
The human zombie hits you but does no damage.
The scorpion barely misses you.
You hit the scorpion.
The scorpion is severely wounded.
You hit the human zombie. The scorpion stings you.
* * * LOW HITPOINT WARNING * * *
You are poisoned.
The scorpion poisons you! The human zombie hits you.
* * * LOW HITPOINT WARNING * * *
The scorpion stings you.
* * * LOW HITPOINT WARNING * * *
You are more poisoned.
The scorpion poisons you! The human zombie misses you.
You feel sick.
You feel sick.
There is an open door here.
Really walk into that dart trap? [Y]es or [N]o only, please.
Really walk into that dart trap?
You avoid triggering a dart trap.
You feel sick.
There is a dart trap here.
Really walk into that arrow trap?
An arrow shoots out and hits you!
You feel sick.
There is an arrow trap here.
Really walk into that dart trap?
You avoid triggering a dart trap.
You feel sick.
An arrow misses the human zombie!
There is a dart trap here.
Really walk into that dart trap? [Y]es or [N]o only, please.
Really walk into that dart trap?
You avoid triggering a dart trap.
You feel sick.
There is a dart trap here.
Really walk into that spear trap?
You avoid triggering a spear trap.
You feel sick.
There is a spear trap here.
Really walk into that arrow trap? [Y]es or [N]o only, please.
Really walk into that arrow trap?
You avoid triggering an arrow trap.
You feel sick.
A poisoned dart hits the human zombie!
There is an arrow trap here.
Really walk into that arrow trap?
You avoid triggering an arrow trap.
You feel sick.
A spear hits the human zombie!
There is an arrow trap here.
You see here a scorpion corpse.
You feel sick.
There is an open door here.
You feel sick.
You feel sick.
An arrow hits the human zombie!
You hit the human zombie.
The human zombie is almost destroyed.
You feel sick.
The human zombie hits you but does no damage.
You hit the human zombie.
The human zombie is almost destroyed.
You feel sick. The human zombie hits you.
* * * LOW HITPOINT WARNING * * *
The human zombie hits you!
You die...

#^^^'...†^^^#...8...'^^^#
#^^^#...#^^^#.......#^^^#
##########'###8...8######
#...#...#...#.......#...#
#...#...8...#...8...#..!#
#...#.......#...#...#!?.#
##'###8...8###########'##
#...#.......#^^^^^^^#...#
#...†...8...@Z^^^^^^s...#
#...#...#...#^^^^^^^#...#
#########################


You could see a human zombie.

Vanquished Creatures
  A phantom (D:3)
  7 scorpions (Ossuary)
  4 centaur zombies (Ossuary)
  A hound (D:4)
  2 jellies (D:1)
  Natasha (thrice) (D:2)
  3 big kobold zombies (Ossuary)
  3 mummies (Ossuary)
  3 adders
  5 scorpion zombies (Ossuary)
  3 oozes
  A worm zombie (D:4)
  2 worms
  4 dart slugs
  5 leopard geckos
  5 orcs (D:4)
  3 giant cockroaches
  8 goblins
  6 hobgoblins
  3 jackals (D:1)
  4 quokkas (D:2)
  8 bats
  2 frilled lizards
  2 gnoll zombies (Ossuary)
  3 goblin zombies (Ossuary)
  A hobgoblin zombie (Ossuary)
  2 jackal zombies (D:4)
  3 kobolds
  2 kobold zombies (Ossuary)
  3 orc zombies (Ossuary)
  7 rats
109 creatures vanquished.

Vanquished Creatures (others)
  A scorpion (Ossuary)
  A kobold zombie (Ossuary)
  An orc zombie (Ossuary)
3 creatures vanquished.

Grand Total: 112 creatures vanquished

Notes
Turn   | Place    | Note
-------+----------+-------------------------------------------
     0 | D:1      | Amnesiac the Troll Earth Elementalist began the quest for
                  | the Orb.
     0 | D:1      | Reached XP level 1. HP: 16/16 MP: 1/1
     0 | D:1      | Noticed a jelly
     0 | D:1      | Noticed a jelly
    90 | D:2      | Found a radiant altar of Vehumet.
    98 | D:2      | Became a worshipper of Vehumet
   211 | D:1      | Reached skill level 3 in Earth Magic
   293 | D:1      | Reached XP level 2. HP: 24/24 MP: 3/3
   472 | D:1      | Reached XP level 3. HP: 31/31 MP: 0/4
   476 | D:1      | Learned a level 2 spell: Passwall
   516 | D:1      | Found a runed translucent door.
   662 | D:1      | Reached * piety under Vehumet
   662 | D:1      | Offered knowledge of Freeze by Vehumet.
   935 | D:1      | Reached skill level 4 in Earth Magic
   935 | D:1      | Reached XP level 4. HP: 39/39 MP: 2/5
  1398 | D:2      | Reached XP level 5. HP: 45/45 MP: 4/7
  1446 | D:2      | Noticed Natasha
  1459 | D:2      | Killed Natasha
  1625 | D:2      | Noticed Natasha
  1628 | D:2      | Killed Natasha
  1694 | D:2      | Noticed Natasha
  1699 | D:2      | Killed Natasha
  1699 | D:2      | Reached skill level 5 in Earth Magic
  1838 | D:3      | Noticed a phantom
  1855 | D:3      | Killed a phantom
  1855 | D:3      | Reached XP level 6. HP: 45/53 MP: 0/8
  1911 | D:3      | Learned a level 5 spell: Lee's Rapid Deconstruction
  2260 | D:3      | Reached ** piety under Vehumet
  2260 | D:3      | Offered knowledge of Magic Dart by Vehumet.
  2314 | D:4      | Found a staircase to the Ecumenical Temple.
  2411 | D:4      | Found a sand-covered staircase.
  2425 | Ossuary  | Entered an ossuary
  2472 | Ossuary  | Reached skill level 6 in Earth Magic
  2496 | Ossuary  | Reached XP level 7. HP: 29/59 MP: 10/10
  2633 | Ossuary  | Offered knowledge of Ignite Poison by Vehumet.
  2806 | Ossuary  | Reached skill level 7 in Earth Magic
  3015 | Ossuary  | Reached *** piety under Vehumet
  3046 | Ossuary  | Slain by a human zombie

Levels and vault maps discovered:
D:1:      dpeg_arrival_caged_fury, layout_basic, serial_corexii_hall,
          corexii_hall_statues_s, chequers_hall_statues_corner_a,
          chequers_hall_statues_corner_a, corexii_hall_statues_x
D:2:      layout_basic, vehumet_crystals, first_ration, uniq_natasha
D:3:      layout_loops_cross
D:4:      layout_rooms, nicolae_overflow_crystal_walls,
          minmay_temple_entry_slanted, serial_shops, shop, enter_ossuary_3,
          uniq_eustachio
Ossuary:  ossuary_minmay_scorpions

Skill      XL: |  1  2  3  4  5  6  7 |
---------------+----------------------+-----
Earth Magic    | 3 4 5 6 7 |  7.4
Spellcasting   | 2 3 |  3.4
Dodging        | |  1.5
Stealth        | |  1.0
Transmutations | |  0.6

Action                   |  1- 3 |  4- 6 |  7- 9 || total
-------------------------+-------+-------+-------++-------
Melee: Unarmed           |    94 |    92 |       ||   186
       Broad axe         |       |    61 |   115 ||   176
 Cast: Sandblast         |    10 |    27 |     8 ||    45
  Use: Scroll            |       |    11 |       ||    11
       Potion            |       |     1 |       ||     1
 Stab: Sleeping          |       |       |     1 ||     1
  Eat: Chunk             |    13 |    16 |     1 ||    30
Armor: Robe              |    61 |    72 |    45 ||   178
Dodge: Dodged            |    81 |    88 |    67 ||   236

Table legend:
 A = Non-vault XP
 B = Vault XP
 C = Vault XP percentage of total XP
 D = Non-vault monster count
 E = Vault monster count
 F = Vault count percentage of total count
                 A         B        C        D         E       F
            +---------+---------+-------+---------+---------+-------
      Total |     409 |     952 |  69.9 |      62 |      47 |  43.1
            +---------+---------+-------+---------+---------+-------
        D:1 |      42 |     101 |  70.6 |      20 |      10 |  33.3
        D:2 |     131 |      35 |  21.1 |      20 |       1 |   4.8
        D:3 |     171 |       0 |   0.0 |      13 |       0 |   0.0
        D:4 |      65 |       9 |  12.2 |       9 |       3 |  25.0
    Ossuary |       0 |     807 | 100.0 |       0 |      33 | 100.0
            +---------+---------+-------+---------+---------+-------
